 Dungeon Crawl Stone Soup version 0.21.1 (webtiles) character file.

7954 pk666 the Cleaver (level 11, 0/101 HPs)
             Began as a Minotaur Berserker on Feb 4, 2018.
             Was a High Priest of Trog.
             Succumbed to Sonja's poison
             ... on level 1 of the Lair of Beasts.
             The game lasted 00:23:06 (8216 turns).

pk666 the Cleaver (Minotaur Berserker)              Turns: 8216, Time: 00:23:07

Health: 0/101      AC: 21    Str: 26    XL:     11   Next: 3%
Magic:  10/10      EV:  8    Int:  9    God:    Trog [*****.]
Gold:   365        SH:  0    Dex:  9    Spells: 10/10 levels left

rFire    . . .     SeeInvis .   a - +7 lajatang of Order {silver, rMut}
rCold    . . .     Gourm    .   (shield currently unavailable)
rNeg     . . .     Faith    .   S - +0 plate armour
rPois    .         Spirit   .   (helmet restricted)
rElec    .         Reflect  .   r - +0 cloak
rCorr    .         Harm     .   G - +1 pair of gloves
rMut     +                      T - +2 pair of boots
MR       .....                  z - amulet of regeneration
Stlth    ..........             e - ring of stealth
HPRegen  0.66/turn              R - ring of stealth
MPRegen  0.12/turn

@: brilliant, lethally poisoned (0 -> -103), flying
A: retaliatory headbutt, horns 2
a: Berserk, Trog's Hand, Brothers in Arms, Burn Spellbooks, Renounce Religion


You were on level 1 of the Lair of Beasts.
You worshipped Trog.
Trog was extremely pleased with you.
You were not hungry.

You visited 3 branches of the dungeon, and saw 12 of its levels.

You collected 486 gold pieces.
You spent 121 gold pieces at shops.

Inventory:

Hand Weapons
 a - the +7 lajatang of Order (weapon) {silver, rMut}
   (You found it on level 5 of the Dungeon)

   It protects you from mutation.
 b - a +1 arbalest of freezing
 j - a +0 war axe
 y - a +2 vampiric battleaxe
Missiles
 n - 36 bolts
Armour
 r - a +0 cloak (worn)
 G - a +1 pair of gloves (worn)
 S - a +0 plate armour (worn)
 T - a +2 pair of boots (worn)
Jewellery
 e - a ring of stealth (left hand)
 z - an amulet of regeneration (around neck)
 R - a ring of stealth (right hand)
Wands
 k - a wand of flame (24)
 J - a wand of digging (14)
 M - a wand of random effects (59)
 N - a wand of iceblast (7)
Scrolls
 d - 10 scrolls of remove curse
 l - 3 scrolls of teleportation
 m - a scroll of amnesia
 o - 4 scrolls of identify
 p - a scroll of silence {unknown}
 q - 2 scrolls of enchant weapon
 x - 2 scrolls of blinking {unknown}
 B - a scroll of random uselessness {unknown}
 C - a scroll of immolation {unknown}
 E - a scroll of fear {unknown}
 H - 2 scrolls of noise {unknown}
 K - a scroll of magic mapping {unknown}
 L - a scroll of acquirement {unknown}
 P - 3 scrolls of enchant armour {unknown}
Potions
 f - 8 potions of haste
 g - 2 potions of mutation {unknown}
 h - 4 potions of cancellation
 i - 3 potions of heal wounds
 s - a potion of ambrosia {unknown}
 t - a potion of magic {unknown}
 u - a potion of flight
 v - a potion of might {unknown}
 w - 2 potions of degeneration {unknown}
 A - a potion of curing {unknown}
 D - a potion of invisibility {unknown}
 F - 2 potions of brilliance
 I - 2 potions of lignification {unknown}
 O - a potion of agility
Comestibles
 c - 20 rations
 Q - 9 chunks of flesh


   Skills:
 + Level 10.4 Fighting
 * Level 12.5 Axes
 * Level 8.7 Crossbows
 + Level 9.2 Armour
 - Level 2.1 Dodging


You had 10 spell levels left.
You didn't know any spells.

Dungeon Overview and Level Annotations

Branches:
Dungeon (10/15)            Temple (1/1) D:4            Lair (1/6) D:10
    Orc: D:9-12

Altars:
Cheibriados
Fedhas
Hepliaklqana
Kikubaaqudgha
Okawaru
Sif Muna
Trog
Uskayaw
Xom

Shops:
D:6 (**=

Annotations:
Lair:1 Sonja


Innate Abilities, Weirdness & Mutations

You reflexively headbutt those who attack you in melee.
You have a pair of horns on your head.


Message History

* * * LOW HITPOINT WARNING * * *
You feel extremely sick. Sonja hits you but does no damage. x2
You are more poisoned.
Sonja hits you but does no damage.
You are more poisoned.
Sonja hits you but does no damage.
You are more poisoned.
Sonja hits you but does no damage.
You are more poisoned.
Sonja hits you but does no damage.
You are more poisoned.
You miss Sonja.
Sonja is almost dead.
* * * LOW HITPOINT WARNING * * *
You feel extremely sick.
Sonja disappears!
It was a potion of brilliance.
You feel clever all of a sudden.
You die...

... ## ##(.#
#P##... ......
## #....###
...##.#.#..#
#.........#####
#......(......#
#.###.@ยง..###.#
##.#..# #.##
#..#..###..#
##.P...##.##
#......#.#
#........#
###........#
####...#......#
.....#.#.###..#


There were no monsters in sight!

Vanquished Creatures
  A two-headed ogre (D:9)
  A deep elf mage (D:7)
  A troll (D:9)
  2 hornets
  3 hippogriffs
  A spriggan (D:8)
  A wyvern (D:9)
  3 yaks (D:10)
  2 chaos spawn (D:8)
  Edmund (D:5)
  A water moccasin (D:10)
  6 orc warriors
  2 ice beasts
  A sky beast (D:5)
  A necrophage (D:10)
  4 ogres
  3 phantoms
  2 centaurs
  A crocodile (Lair:1)
  6 bullfrogs
  A wyvern zombie (D:10)
  5 wights (D:9)
  An electric eel (Lair:1)
  7 howler monkeys
  4 crimson imps
  A centaur zombie (D:6)
  An iron imp (D:6)
  3 hounds
  2 jellies
  Crazy Yiuf (D:2)
  6 orc priests
  2 bullfrog skeletons
  6 orc wizards
  3 centaur skeletons
  4 iguanas
  9 worker ants
  A killer bee zombie (D:9)
  2 hound skeletons
  A howler monkey zombie (D:9)
  10 gnolls
  14 adders
  2 shadow imps
  An ooze (D:2)
  An adder skeleton (D:7)
  A worm (D:3)
  6 dart slugs
  8 leopard geckos
  53 orcs
  7 giant cockroaches
  8 goblins
  13 hobgoblins
  11 jackals
  2 quokkas
  3 ball pythons
  4 bats
  6 frilled lizards
  8 kobolds
  A leopard gecko skeleton (D:4)
  5 rats
267 creatures vanquished.

Notes
Turn   | Place    | Note
-------+----------+-------------------------------------------
     0 | D:1      | pk666 the Minotaur Berserker began the quest for the Orb.
     0 | D:1      | Reached XP level 1. HP: 19/19 MP: 0/0
   103 | D:1      | Reached skill level 4 in Axes
   103 | D:1      | Reached XP level 2. HP: 22/27 MP: 1/1
   672 | D:2      | Reached XP level 3. HP: 34/34 MP: 2/2
   730 | D:2      | Reached ** piety under Trog
  1211 | D:2      | Reached skill level 5 in Fighting
  1211 | D:2      | Reached skill level 5 in Axes
  1211 | D:2      | Reached XP level 4. HP: 28/42 MP: 3/3
  1315 | D:2      | Found a runed door.
  1385 | D:2      | Noticed Crazy Yiuf
  1388 | D:2      | Killed Crazy Yiuf
  1388 | D:2      | Reached XP level 5. HP: 48/48 MP: 4/4
  1613 | D:3      | Reached *** piety under Trog
  1660 | D:3      | Reached skill level 6 in Axes
  1924 | D:3      | Found a faded altar of an unknown god.
  2089 | D:4      | Found a staircase to the Ecumenical Temple.
  2109 | D:4      | Reached XP level 6. HP: 57/57 MP: 5/5
  2114 | D:4      | Found a hazy altar of Hepliaklqana.
  2214 | D:4      | Found a blossoming altar of Fedhas.
  2650 | Temple   | Entered the Ecumenical Temple
  2661 | D:5      | Entered Level 5 of the Dungeon
  2726 | D:5      | Noticed Edmund
  2737 | D:5      | Killed Edmund
  2737 | D:5      | Reached skill level 7 in Axes
  2737 | D:5      | Reached XP level 7. HP: 59/66 MP: 6/6
  2832 | D:5      | Found the +7 lajatang of Order {silver, rMut}
  2886 | D:5      | Found an ancient bone altar of Kikubaaqudgha.
  2893 | D:5      | Reached skill level 5 in Armour
  3233 | D:5      | Found an iron altar of Okawaru.
  3239 | D:5      | Reached **** piety under Trog
  3668 | D:5      | Found a deep blue altar of Sif Muna.
  3669 | D:5      | Found a hide-covered altar of Uskayaw.
  3962 | D:6      | Reached XP level 8. HP: 74/74 MP: 7/7
  4062 | D:6      | Found Ajysiupp's Weapon Shop.
  4115 | D:6      | Found Oddyatiz's General Store.
  4120 | D:6      | Bought a +0 arbalest of freezing for 121 gold pieces
  4191 | D:6      | Found Exkeufun's Assorted Antiques.
  4279 | D:6      | Reached skill level 8 in Axes
  4551 | D:6      | Found a snail-covered altar of Cheibriados.
  4815 | D:6      | Reached skill level 1 in Crossbows
  4892 | D:6      | Found Akerchikh's Jewellery Shop.
  4985 | D:7      | Reached skill level 9 in Axes
  5172 | D:7      | Noticed a hippogriff
  5176 | D:7      | Killed a hippogriff
  5176 | D:7      | Reached XP level 9. HP: 82/82 MP: 8/8
  5467 | D:7      | Noticed a deep elf mage
  5471 | D:7      | Killed a deep elf mage
  5471 | D:7      | Reached skill level 10 in Axes
  5519 | D:8      | Found a shimmering altar of Xom.
  5520 | D:8      | Found the -3 mace of Variability {chaos}
  5525 | D:8      | Reached skill level 5 in Crossbows
  5602 | D:8      | Reached ***** piety under Trog
  6154 | D:9      | Noticed a two-headed ogre
  6158 | D:9      | Killed a two-headed ogre
  6158 | D:9      | Reached skill level 11 in Axes
  6158 | D:9      | Reached XP level 10. HP: 91/91 MP: 9/9
  6375 | D:9      | Received a gift from Trog
  6663 | D:9      | Reached skill level 10 in Fighting
  6981 | D:10     | Entered Level 10 of the Dungeon
  7097 | D:10     | Received a gift from Trog
  7097 | D:10     | Reached skill level 12 in Axes
  7149 | D:10     | Found a staircase to the Lair.
  7460 | D:10     | Found a bloodstained altar of Trog.
  7996 | D:10     | Reached XP level 11. HP: 81/101 MP: 10/10
  8164 | Lair:1   | Entered Level 1 of the Lair of Beasts
  8200 | Lair:1   | Noticed Sonja
  8216 | Lair:1   | Succumbed to Sonja's poison

Skill      XL: |  1  2  3  4  5  6  7  8  9 10 |
---------------+-------------------------------+-----
Fighting       | 4 5 6 7 8 9 10 | 10.4
Axes           | 4 5 6 7 9 11 12 | 12.5
Armour         | 3 4 5 7 8 9 |  9.2
Crossbows      | 3 6 8 |  8.7
Dodging        | |  2.1

Action                   |  1- 3 |  4- 6 |  7- 9 | 10-12 || total
-------------------------+-------+-------+-------+-------++-------
Melee: Hand axe          |    30 |       |       |       ||    30
       Headbutt          |    13 |    23 |    35 |    30 ||   101
       War axe           |    52 |   116 |     4 |       ||   172
       Lajatang          |       |       |   192 |   202 ||   394
 Fire: Arbalest          |       |       |     7 |     5 ||    12
Invok: Burn Spellbooks   |       |       |       |     1 ||     1
  Use: Scroll            |       |       |       |     5 ||     5
       Potion            |       |       |       |     4 ||     4
  Eat: Chunk             |     1 |     5 |    11 |     7 ||    24
Armor: Animal skin       |     9 |       |       |       ||     9
       Chain mail        |    11 |    62 |   106 |       ||   179
       Plate armour      |       |       |    52 |   223 ||   275
Dodge: Dodged            |    50 |    48 |   132 |   121 ||   351
